 Dungeon Crawl Stone Soup version 0.25.1-2-g60ff931df9 (webtiles) character file.

Game seed: 7795786504690173236

101 solopath the Chiller (level 4, -1/30 HPs)
             Began as a Barachi Ice Elementalist on Nov 6, 2020.
             Killed from afar by an orc wizard (11 damage)
             ... with a puff of flame
             ... on level 3 of the Dungeon.
             The game lasted 00:06:25 (2476 turns).

solopath the Chiller (Barachi Ice Elementalist)     Turns: 2476, Time: 00:06:25

Health: -1/30      AC:  2    Str: 10    XL:     4   Next: 75%
Magic:  6/8        EV: 12    Int: 16    God:
Gold:   135        SH:  0    Dex: 12    Spells: 1/9 levels left

rFire    . . .     SeeInvis .   k - +2 dagger (holy)
rCold    . . .     Gourm    .   (no shield)
rNeg     . . .     Faith    .   a - +0 robe
rPois    .         Spirit   .   (no helmet)
rElec    .         Reflect  .   (no cloak)
rCorr    .         Harm     .   (no gloves)
MR       .....                  (no boots)
Stlth    ++........             (no amulet)
HPRegen  0.10/turn              (no ring)
MPRegen  0.11/turn              (no ring)

@: can't hop, berserk cooldown, very slightly contaminated, slowed, invisible,
very slow
A: +LOS, swims, slowness 1, strong legs 1
a: Hop


You were on level 3 of the Dungeon.
You were not hungry.

You visited 1 branch of the dungeon, and saw 3 of its levels.

You collected 135 gold pieces.

Inventory:

Hand Weapons
 i - a +0 short sword
 k - a +2 dagger of holy wrath (weapon)
Armour
 a - a +0 robe (worn)
Jewellery
 j - an uncursed ring of fire
Scrolls
 b - 3 scrolls of amnesia {unknown}
 e - a scroll of teleportation {unknown}
 h - 2 scrolls of identify {unknown}
Potions
 l - a potion of curing {unknown}
Comestibles
 c - 3 rations
 f - 10 chunks of flesh


   Skills:
 - Level 2.1 Dodging
 + Level 2.7 Stealth
 + Level 3.0 Spellcasting
 * Level 6.1 Ice Magic


You had one spell level left.
You knew the following spells:

 Your Spells              Type           Power        Failure   Level  Hunger
a - Freeze                Ice            ###.         1%          1    #......
b - Frozen Ramparts       Ice            ###...       4%          3    ###....
c - Hailstorm             Conj/Ice       ##......     45%         4    #####..

Your spell library contained the following spells:

 Spells                   Type           Power        Failure   Level  Hunger
 Ozocubu's Armour         Chrm/Ice       ##......     16%         3    ###....
 Summon Ice Beast         Ice/Summ       ##......     45%         4    #####..


Dungeon Overview and Level Annotations

Branches:
Dungeon (3/15)

Altars:
Elyvilon
Vehumet


Innate Abilities, Weirdness & Mutations

You can be seen from farther away. (+LOS)
You can swim through water.
You cover ground slowly.
You can hop short distances.


Message History

The orc wizard seems to speed up.
The orc wizard closely misses you.
Casting: Freeze (safe; 1% risk of failure)
Confirm with . or Enter, or press ? or * to list all spells.
Aiming: Freeze (safe; 1% risk of failure)
Press: ? - help, Shift-Dir - straight line, f - orc wizard
Aim: an orc wizard, wielding a +0 dagger and wearing a +0 robe (lightly wounded)
You freeze the orc wizard!
The orc wizard is severely wounded.
The orc wizard gestures at you while chanting.
The puff of flame hits you! The orc wizard misses you.
Casting: Freeze (safe; 1% risk of failure)
Confirm with . or Enter, or press ? or * to list all spells.
Aiming: Freeze (safe; 1% risk of failure)
Press: ? - help, Shift-Dir - straight line, f/p - orc wizard
Aim: an orc wizard, wielding a +0 dagger and wearing a +0 robe (heavily wounded)
You freeze the orc wizard.
The orc wizard is almost dead.
The orc wizard gestures at you while chanting.
The puff of flame hits you!
You die...

.## ♣♣.......♣ ##.#.####...##...
..##♣...≈≈≈...♣##..#.# #....+...
....÷..≈≈≈≈≈..##...#.# #.>..#...
.......≈≈♣≈≈).##...#.####....#...
###....≈≈≈≈≈..##...........#.....
#.....≈≈≈...##.#.#.#####.#..###
#..........###.#.#.#.###.#.....
#.........## #.#.#.#<.÷......##
######o.######@#.#.#######...#
o.o......o.oo#.#...........#
##############.##########..# #.#
#..# #.# #..# .# #


You could see 2 orc wizards and an orc.

Vanquished Creatures
  3 adders (D:2)
  A worm (D:2)
  2 dart slugs
  2 leopard geckos
  3 giant cockroaches
  6 goblins
  10 hobgoblins
  8 jackals
  8 kobolds
  2 quokkas (D:3)
  A ball python (D:3)
  7 bats
  A frilled lizard (D:1)
  6 rats
60 creatures vanquished.

Notes
Turn   | Place    | Note
-------+----------+-------------------------------------------
     0 | D:1      | solopath the Barachi Ice Elementalist began the quest for
                  | the Orb.
     0 | D:1      | Reached XP level 1. HP: 13/13 MP: 3/3
   161 | D:1      | Reached skill level 5 in Ice Magic
   179 | D:1      | Reached XP level 2. HP: 7/19 MP: 0/5
   831 | D:1      | Reached XP level 3. HP: 24/24 MP: 3/6
   884 | D:1      | Learned a level 3 spell: Frozen Ramparts
  1326 | D:2      | Found a radiant altar of Vehumet.
  1638 | D:2      | Reached XP level 4. HP: 30/30 MP: 6/8
  1772 | D:2      | Learned a level 4 spell: Hailstorm
  1982 | D:2      | Reached skill level 6 in Ice Magic
  2397 | D:3      | Found a white marble altar of Elyvilon.
  2476 | D:3      | Killed from afar by an orc wizard

Illustrated notes

Levels and vault maps discovered:
D:1:      lightli_arrival_boilingwater, layout_rooms
D:2:      layout_basic, old_standard_altar
D:3:      minmay_door_path, layout_basic, elyvilon_altar_3

Skill      XL: |  1  2  3  4 |
---------------+-------------+-----
Ice Magic      | 5 6 |  6.1
Stealth        | 2 |  2.7
Spellcasting   | 3 |  3.0
Dodging        | |  2.1

Action                   |  1- 3 |  4- 6 || total
-------------------------+-------+-------++-------
Melee: Unarmed           |     5 |       ||     5
       Whip              |    13 |       ||    13
       Dagger            |     8 |     6 ||    14
       Short sword       |    12 |       ||    12
 Cast: Freeze            |    50 |    33 ||    83
 Abil: Hop               |     1 |     1 ||     2
  Use: Potion            |       |     2 ||     2
 Stab: Sleeping          |     2 |     2 ||     4
  Eat: Chunk             |     3 |     3 ||     6
Armor: Robe              |     9 |     4 ||    13
Dodge: Dodged            |    66 |    16 ||    82
